 Dungeon Crawl Stone Soup version 0.14-a0-1765-g49ce880 (webtiles) character file.

423 Jenx the Conjurer (level 6, -2/32 HPs)
             Began as a Deep Elf Conjurer on Jan 5, 2014.
             Killed from afar by an orc wizard (8 damage)
             ... with a puff of frost
             ... on Level 4 of the Dungeon.
             The game lasted 00:09:24 (2834 turns).

Jenx the Conjurer (Deep Elf Conjurer)               Turns: 2834, Time: 00:09:25

HP  -2/32        AC  1     Str  7      XL: 6   Next: 18%
MP   5/18        EV 13     Int 22      God:
Gold 113         SH  0     Dex 15      Spells:  2 memorised,  7 levels left

rFire  . . .     SeeInvis .     b - +2 blowgun
rCold  . . .     Clarity  .     o - -1 robe (curse)
rNeg   . . .     Conserve .     (no shield)
rPois  .         rCorr    .     (no helmet)
rElec  .         rRot     .     (no cloak)
SustAb . .       Spirit   .     (no gloves)
rMut   .         Warding  .     (no boots)
Saprov . . .     Stasis   .     (no amulet)
                                (no ring)
                                p - +2 ring of strength

@: slightly resistant to hostile enchantments, fairly stealthy
A: no striking features
a: no special abilities


You were on level 4 of the Dungeon.
You were not hungry.

You visited 1 branch of the dungeon, and saw 4 of its levels.

You collected 152 gold pieces.
You spent 39 gold pieces at shops.

Inventory:

Hand weapons
 a - a +0,+0 hand axe
 b - a +2 blowgun (weapon)
Missiles
 u - 22 poisoned needles (quivered)
Armour
 i - a +0 elven robe
 o - a cursed -1 robe (worn)
Magical devices
 y - a wand of digging (19)
Comestibles
 k - a rotting chunk of giant newt flesh
 n - a rotting chunk of iguana flesh
 v - a pear
 z - 3 bread rations
Scrolls
 e - 3 scrolls of fog
 f - a scroll of identify
 h - 2 scrolls of enchant weapon II
 j - a scroll of enchant armour
 l - 2 scrolls of magic mapping
Jewellery
 p - a +2 ring of strength (left hand)
Potions
 d - 2 potions of heal wounds
 g - a potion of magic {unknown}
 m - 2 potions of resistance {unknown}
 q - a potion of restore abilities {unknown}
 r - a potion of poison {unknown}
 s - a potion of brilliance {unknown}
 t - a potion of curing {unknown}
 w - a potion of invisibility {unknown}
 x - a potion of speed {unknown}
Books
 c - a book of Conjurations

   Spells                             Type                      Level
   *Magic Dart                        Conjuration                  1
   Searing Ray                        Conjuration                  2
   *Dazzling Spray                    Conjuration/Hexes            3
   Iskenderun's Mystic Blast          Conjuration                  4
   Iskenderun's Battlesphere          Conjuration/Charms           4
   Fulminant Prism                    Conjuration/Hexes            5


   Skills:
 - Level 2.4 Dodging
 - Level 2.4 Stealth
 - Level 3.0 Spellcasting
 * Level 8.2 Conjurations


You had 7 spell levels left.
You knew the following spells:

 Your Spells              Type           Power        Failure   Level  Hunger
a - Magic Dart            Conj           ####         1%          1    None
b - Dazzling Spray        Conj/Hex       ###.....     10%         3    ###....


Dungeon Overview and Level Annotations

Branches:
Dungeon (4/16)
 Temple: D:4-7

Altars:
Ashenzari
Cheibriados
Fedhas

Shops:
D:4 !

Annotations:
D:4 potion of experience 650


Message History

Casting: Magic Dart
Confirm with . or Enter, or press ? or * to list all spells.
Aiming: Magic Dart
Press: ? - help, Shift-Dir - straight line, f/p - orc wizard
Aim: an orc wizard, wielding an orcish mace and wearing an orcish robe (heavily wounded, poisoned, moving very quickly)
The magic dart hits the orc wizard.
The orc wizard is severely wounded.
The orc wizard barely misses you.
Casting: Magic Dart
Confirm with . or Enter, or press ? or * to list all spells.
Aiming: Dazzling Spray
Press: ? - help, Shift-Dir - straight line, f/p - orc wizard
Aim: an orc wizard, wielding an orcish mace and wearing an orcish robe (severely wounded, poisoned, moving very quickly)
The spray of energy misses the orc wizard.
The orc wizard points at you and mumbles some strange words.
The puff of flame hits you!
* * * LOW HITPOINT WARNING * * *
The orc wizard gestures at you while chanting.
The puff of frost hits you!
You die...

.....#..................
...................##...
...................# .
...........(...)...#...
...........o.......#.#
...........o))...##.#
........∩....(.....##
...##.......#.#o#..#
....#........###@###
...#.......#..####
...#........#.#
###..........##
#..##........#
#####)#......#
#.#...#### ##..### ####


You could see an orc priest (wandering), an orc wizard and an orc.

Vanquished Creatures
  An ogre (D:4)
  3 hounds (D:4)
  An iguana (D:4)
  An orc priest (D:4)
  3 adders
  A giant eyeball (D:4)
  2 giant geckos
  7 orcs
  6 goblins
  3 hobgoblins
  5 kobolds
  A quokka (D:4)
  6 bats
  4 giant cockroaches
  4 giant newts
  4 rats
52 creatures vanquished.

Notes
Turn   | Place    | Note
--------------------------------------------------------------
     0 | D:1      | Jenx, the Deep Elf Conjurer, began the quest for the Orb.
     0 | D:1      | Reached XP level 1. HP: 10/10 MP: 5/5
   525 | D:1      | Reached XP level 2. HP: 15/15 MP: 4/8
   603 | D:1      | Reached skill level 5 in Conjurations
  1049 | D:2      | Reached XP level 3. HP: 7/19 MP: 1/10
  1302 | D:2      | Learned a level 3 spell: Dazzling Spray
  1510 | D:3      | Found a shattered altar of Ashenzari.
  1541 | D:3      | Reached skill level 6 in Conjurations
  1784 | D:3      | Found a snail-covered altar of Cheibriados.
  1793 | D:3      | Reached XP level 4. HP: 24/24 MP: 2/13
  2334 | D:4      | Found a blossoming altar of Fedhas.
  2419 | D:4      | Noticed an ogre
  2456 | D:4      | Killed an ogre
  2456 | D:4      | Reached skill level 7 in Conjurations
  2456 | D:4      | Reached XP level 5. HP: 28/28 MP: 3/16
  2570 | D:4      | Found Torates' Distillery.
  2581 | D:4      | Bought a potion of heal wounds for 39 gold pieces
  2656 | D:4      | Reached skill level 8 in Conjurations
  2656 | D:4      | Reached XP level 6. HP: 18/32 MP: 2/18
  2685 | D:4      | Paralysed by a giant eyeball for 3 turns
  2834 | D:4      | Killed from afar by an orc wizard

Action                   |  1- 3 |  4- 6 || total
-------------------------+-------+-------++-------
Melee: Hand axe          |    11 |       ||    11
 Fire: Blowgun           |       |    13 ||    13
 Cast: Magic Dart        |    63 |    33 ||    96
       Dazzling Spray    |     1 |    11 ||    12
  Use: Scroll            |       |     8 ||     8
